Map: Romanticide LE

Players

PattyMac

  • Race: Protoss Protoss
  • League: Grandmaster
  • Spawn Location: 11:00

Epic - Winner!

  • Race: Terran Terran
  • League: Grandmaster
  • Spawn Location: 5:00

Event: DreamHack SC2 Masters 2020 Winter

VOD

Have the link to the VOD?

Description

Time

  • Played on: Oct. 28, 2020, 4:48 p.m.
  • Length: 10:52

All games in this series

Show
View Real Time Build Order
Export as new Build Order

PattyMac Protoss 

Build Orders: 1 Gate Expand, Blink Stalkers, Colossus Rush 

Get SALT Encoding   

  12  0:00  Probe  
  13  0:12  Probe  
  14  0:17  Pylon  
  14  0:24  Probe (Chrono Boost)  
  16  0:37  Gateway, Probe (Chrono Boost)  
  16  0:41  Probe (Chrono Boost)  
  16  0:45  Assimilator  
  17  0:52  Probe  
  18  1:04  Probe  
  19  1:16  Probe  
  20  1:24  Cybernetics Core  
  20  1:29  Probe  
  21  1:38  Nexus  
  21  1:43  Pylon  
  21  1:48  Probe  
  21  1:51  Assimilator  
  22  1:58  Adept (Chrono Boost)  
  24  2:02  Warp Gate  
  24  2:04  Probe  
  25  2:16  Probe  
  25  2:20  Stalker (Chrono Boost)  
  28  2:28  Probe  
  29  2:40  Probe  
  30  2:52  Probe (Chrono Boost)  
  30  2:55  Twilight Council  
  32  2:58  Probe (Chrono Boost)  
  32  3:02  Robotics Facility, Probe (Chrono Boost)  
  34  3:05  Probe (Chrono Boost)  
  34  3:07  Probe (Chrono Boost)  
  35  3:16  Probe  
  35  3:18  Gateway  
  35  3:19  Probe  
  37  3:21  Gateway  
  37  3:28  Probe  
  37  3:31  Probe  
  37  3:32  Blink (Chrono Boost)  
  37  3:33  Pylon  
  39  3:41  Probe  
  40  3:42  Assimilator  
  40  3:43  Probe  
  40  3:45  Assimilator  
  41  3:49  Stalker  
  41  3:51  Observer (Chrono Boost)  
  41  3:53  Probe  
  41  3:55  Probe  
  46  4:05  Probe  
  46  4:08  Observer (Chrono Boost), Probe  
  49  4:11  Nexus  
  49  4:17  Probe  
  49  4:20  Pylon, Probe  
  51  4:25  Observer  
  51  4:26  Stalker  
  51  4:29  Probe  
  51  4:31  Pylon  
  54  4:38  Probe  
  54  4:39  Observer  
  54  4:42  Pylon, Probe  
  56  4:48  Stalker x2  
  56  4:51  Probe  
  61  4:54  Probe  
  61  4:57  Robotics Bay  
  61  4:59  Pylon  
  62  5:03  Probe  
  62  5:06  Probe  
  64  5:14  Forge  
  64  5:15  Probe (Chrono Boost)  
  66  5:23  Probe (Chrono Boost)  
  66  5:25  Probe (Chrono Boost)  
  66  5:27  Probe (Chrono Boost)  
  68  5:29  Gateway x2  
  68  5:32  Gateway  
  68  5:33  Probe x2 (Chrono Boost)  
  68  5:34  Zealot, Probe (Chrono Boost), Sentry  
  75  5:36  Sentry  
  75  5:38  Probe (Chrono Boost)  
  78  5:46  Colossus (Chrono Boost)  
  78  5:48  Protoss Ground Weapons Level 1 (Chrono Boost)  
  78  5:51  Probe  
  78  5:53  Extended Thermal Lance  
  78  5:54  Probe  
  86  5:57  Observer  
  86  6:00  Pylon  
  86  6:06  Stalker x3  
  84  6:18  Pylon  
  79  6:29  Zealot x4  
  86  6:35  Probe  
  86  6:42  Probe  
  86  6:43  Stalker x2  
  81  6:54  Probe (Chrono Boost)  
  80  6:57  Nexus  
  80  7:00  Probe (Chrono Boost)  
  81  7:02  Photon Cannon  
  81  7:03  Probe (Chrono Boost)  
  80  7:14  Stalker x2  
  80  7:21  Probe  
  79  7:23  Probe  
  80  7:30  Colossus (Chrono Boost)  
  86  7:39  Phoenix  
  86  7:41  Observer  
  86  7:45  Pylon  
  86  7:48  Robotics Facility  
  86  7:50  Protoss Ground Armor Level 1 (Chrono Boost)  
  86  7:53  Forge  
  86  7:57  Templar Archives  
  86  8:03  Probe (Chrono Boost)  
  88  8:06  Probe (Chrono Boost)  
  88  8:09  Probe (Chrono Boost)  
  89  8:14  Pylon  
  89  8:15  Probe (Chrono Boost)  
  89  8:19  Probe (Chrono Boost)  
  92  8:20  Probe (Chrono Boost)  
  92  8:21  Probe (Chrono Boost)  
  92  8:24  Disruptor (Chrono Boost), Zealot x4, Probe (Chrono Boost)  
  102  8:27  Observer, Probe  
  102  8:29  Probe  
  102  8:33  Pylon  
  107  8:35  Probe  
  107  8:37  High Templar x2  
  107  8:39  Probe  
  107  8:40  Assimilator  
  113  8:41  Probe  
  113  8:42  Assimilator, Archon  
  113  8:44  Disruptor  
  117  8:51  Probe x2  
  119  9:01  Immortal (Chrono Boost)  
  123  9:05  Stalker  
  125  9:18  Pylon  
  125  9:28  Nexus  
  125  9:32  Pylon  
  125  9:35  Disruptor (Chrono Boost)  
  125  9:36  Probe x3  
  131  9:40  Gateway  
  131  9:41  Gateway  
  131  9:44  Disruptor  
  132  9:48  Shield Battery, Probe  
  132  9:50  Probe  
  134  10:01  Stalker x3  
  140  10:12  Probe  
  140  10:13  Probe  
  140  10:20  Stalker x2  
  136  10:30  Zealot x2  
  140  10:37  Zealot x2  
Show
View Real Time Build Order
Export as new Build Order

Epic Terran - Winner!

Build Orders: Reaper Expand, Banshee Rush 

Get SALT Encoding   

  12  0:00  SCV  
  13  0:12  SCV  
  14  0:17  Supply Depot  
  14  0:24  SCV  
  15  0:38  SCV  
  15  0:40  Barracks  
  16  0:43  Refinery  
  16  0:50  SCV  
  17  1:03  SCV  
  18  1:15  SCV  
  19  1:29  Orbital Command, Reaper  
  20  1:50  Command Center  
  20  1:54  SCV  
  20  1:57  Supply Depot  
  20  2:01  Marine  
  22  2:06  SCV  
  23  2:10  Factory  
  23  2:17  Bunker  
  23  2:19  SCV  
  24  2:23  Barracks Reactor  
  24  2:27  Refinery  
  24  2:31  SCV  
  25  2:44  SCV  
  26  2:57  SCV  
  29  2:59  Starport  
  29  3:02  Orbital Command  
  29  3:03  Widow Mine  
  29  3:09  SCV  
  29  3:11  Marine x2  
  32  3:21  SCV  
  32  3:26  Factory Tech Lab  
  33  3:28  SCV  
  33  3:34  SCV, Marine x2  
  35  3:38  Supply Depot  
  35  3:40  SCV  
  38  3:46  SCV  
  39  3:49  Cloaking Field, Banshee  
  39  3:52  Marine x2  
  39  3:53  SCV, Supply Depot  
  39  3:54  Factory Tech Lab  
  45  3:58  SCV  
  45  4:01  Supply Depot  
  46  4:05  SCV  
  47  4:10  SCV  
  47  4:12  Marine x2  
  47  4:13  Siege Tank  
  53  4:17  SCV  
  53  4:19  Supply Depot  
  53  4:22  SCV  
  55  4:29  SCV  
  55  4:30  Marine x2  
  57  4:32  Banshee  
  57  4:36  SCV  
  61  4:47  SCV  
  61  4:48  Command Center  
  62  4:55  Siege Tank, Marine x2  
  62  4:57  SCV  
  62  4:59  SCV  
  69  5:00  Supply Depot  
  69  5:08  Barracks  
  69  5:11  SCV, Barracks  
  69  5:12  SCV  
  71  5:17  Refinery  
  71  5:18  Refinery  
  71  5:21  Marine x2  
  71  5:24  Supply Depot  
  71  5:25  SCV x2  
  75  5:33  Siege Tank  
  78  5:37  SCV x2  
  80  5:46  Engineering Bay  
  80  5:47  Engineering Bay  
  81  5:50  SCV x2  
  81  5:51  Supply Depot  
  82  5:58  Starport Reactor  
  82  6:00  Barracks  
  82  6:02  SCV x2  
  84  6:04  Barracks Tech Lab  
  84  6:09  Bunker  
  84  6:12  SCV  
  84  6:13  Stimpack  
  84  6:14  SCV, Marauder  
  87  6:22  SCV  
  87  6:23  Marine  
  87  6:24  Marine, Marauder, SCV  
  93  6:28  Siege Tank  
  93  6:31  Bunker  
  96  6:36  SCV x2  
  98  6:46  Marine x2  
  101  6:47  Marauder x2, Medivac x2  
  101  6:51  SCV x2  
  101  6:53  Orbital Command  
  100  6:56  Barracks Tech Lab  
  100  6:57  Combat Shield  
  89  7:03  Siege Tank  
  89  7:05  SCV x2  
  94  7:09  Marine x2  
  94  7:14  Marauder x2, Orbital Command  
  100  7:17  Medivac  
  100  7:18  Terran Infantry Weapons Level 1  
  100  7:22  SCV x2, Barracks  
  98  7:26  Terran Infantry Armor Level 1  
  98  7:29  Marine x2, Marauder  
  102  7:34  SCV x2  
  104  7:40  Siege Tank, Supply Depot x2  
  104  7:41  SCV  
  108  7:48  Missile Turret x2  
  108  7:49  SCV x2  
  110  7:55  Marauder x3, Marine  
  117  8:01  Supply Depot x2, Marine  
  117  8:02  Medivac x2  
  122  8:06  SCV x2  
  122  8:07  Refinery  
  122  8:08  SCV, Refinery  
  122  8:10  Missile Turret  
  125  8:14  Siege Tank  
  125  8:15  Bunker  
  125  8:19  Marine  
  130  8:20  Barracks Reactor  
  130  8:21  Marine, Marauder  
  130  8:25  Supply Depot  
  132  8:27  Supply Depot  
  132  8:29  Marauder x2  
  132  8:30  Concussive Shells  
  136  8:35  Supply Depot  
  136  8:36  Viking  
  138  8:41  Viking  
  138  8:44  Marauder, Marine x2, Supply Depot  
  144  8:51  Siege Tank, Marine, Marauder, Supply Depot  
  149  8:56  Marine x2  
  149  9:01  Supply Depot  
  149  9:02  Marine x2  
  153  9:03  Ghost Academy  
  153  9:05  Marauder  
  153  9:09  Marauder  
  157  9:11  Viking x2  
  157  9:12  Marauder  
  157  9:14  Marine  
  157  9:15  Missile Turret  
  163  9:23  Marine x2  
  163  9:24  Marine  
  165  9:27  Marauder  
  165  9:28  Armory  
  165  9:30  Siege Tank, Marauder  
  172  9:32  Marine  
  172  9:33  Marauder  
  175  9:38  Command Center  
  175  9:41  Marine  
  175  9:42  Supply Depot  
  176  9:48  Marauder  
  176  9:51  Marine x4  
  186  9:53  Medivac x2  
  178  10:01  Marine, Marauder  
  181  10:09  Marauder, Marine, Siege Tank  
  181  10:11  Ghost  
  189  10:17  Marine x2  
  189  10:19  Marine  
  192  10:22  Ghost  
  192  10:23  Barracks  
  192  10:24  Barracks x2  
  191  10:30  Marine  
  191  10:31  Marauder  
Tags
 
Add a new tag
Caveats
  • Supply blocks, unpowered buildings, or Contaminate may cause inaccurate times.
  • Supply counts are checked every 10 seconds.